 Dungeon Crawl Stone Soup version 0.29.1-15-g9cfb28693d (webtiles) character file.

Game seed: 1151712996541083353

15287 Gabide the Thrower (level 12, -15/106 HPs)
             Began as a Ghoul Gladiator on Mar 10, 2023.
             Was a High Priest of Okawaru.
             Killed from afar by an oklob plant (23 damage)
             ... with a splash of acid
             ... on level 11 of the Dungeon.
             The game lasted 00:27:15 (12710 turns).

Gabide the Thrower (Ghoul Gladiator)               Turns: 12710, Time: 00:27:16

Health: -15/106    AC: -1    Str: 30    XL:     12   Next: 25%
Magic:  0/11       EV: 20    Int:  3    God:    Okawaru [*****.]
Gold:   971        SH:  0    Dex: 16    Spells: 11/11 levels left

rFire   . . .      SeeInvis .   B - +10 whip of the Messenger {freeze, Fragile Str+7}
rCold   + . .      Faith    .   (no shield)
rNeg    + + +      Spirit   +   a - +1 steam dragon scales
rPois   ∞          Reflect  .   b - +2 helmet
rElec   .          Harm     .   M - +0 cloak
rCorr   .          Rampage  .   J - +1 pair of gloves {Stlth+}
Will    .....                   C - +2 pair of boots {Fly}
Stlth   ++........              l - amulet of guardian spirit
HPRegen 0.00/turn               f - +6 ring of dexterity
MPRegen 0.12/turn               q - +4 ring of evasion

@: corroded, flying, inhibited regen, studying Short Blades
A: claws 1, cold resistance 1, negative energy resistance 3, inhibited
regeneration, torment resistance 2, devour on kill
a: Renounce Religion, Heroism, Finesse, Duel


You were on level 11 of the Dungeon.
You worshipped Okawaru.
Okawaru was extremely pleased with you.
You visited 2 branches of the dungeon, and saw 12 of its levels.
You also visited: Sewer and Bailey.

You collected 971 gold pieces.

Inventory:

Hand Weapons
 B - the +10 whip of the Messenger (weapon) {freeze, Fragile Str+7}
   (You found it on level 11 of the Dungeon)

   It freezes those it strikes, dealing additional cold damage.
   It can also slow down cold-blooded creatures.
   Str:       It affects your strength (+7).
   Fragile:   It will be destroyed if unequipped.
Missiles
 i - 5 boomerangs (quivered)
 t - 4 boomerangs of dispersal
 A - an atropa-tipped dart
Armour
 a - +1 steam dragon scales (worn)
 b - a +2 helmet (worn)
 d - a scarf of invisibility
 s - a +4 scale mail of cold resistance
 C - a +2 pair of boots of flying (worn)
 J - a +1 pair of gloves of stealth (worn)
 M - a +0 cloak (worn)
Jewellery
 f - a +6 ring of dexterity (left hand)
 l - an amulet of guardian spirit (around neck)
 q - a +4 ring of evasion (right hand)
 w - a ring of flight
 E - a ring of resist corrosion
 I - an amulet of the acrobat
Wands
 c - a wand of polymorph (23)
 F - a wand of flame (11)
 L - a wand of digging (2)
 P - a wand of mindburst (2)
Scrolls
 h - a scroll of fear
 j - 3 scrolls of fog
 p - 8 scrolls of teleportation
 r - 4 scrolls of immolation
 u - 3 scrolls of blinking
 v - 2 scrolls of amnesia
 y - 4 scrolls of enchant weapon
 N - a scroll of poison
Potions
 e - 2 potions of haste
 g - 2 potions of curing
 k - 2 potions of resistance
 m - 3 potions of attraction
 n - 2 potions of brilliance
 o - 5 potions of might
 x - 3 potions of heal wounds
 z - a potion of ambrosia
 D - a potion of magic
 Q - a potion of cancellation {unknown}


   Skills:
 + Level 9.9 Fighting
 * Level 11.6 Throwing
 + Level 8.6 Dodging
 + Level 10.2 Unarmed Combat


You had 11 spell levels left.
You didn't know any spells.
Your spell library contained the following spells:

 Spells                   Type           Power      Damage    Failure   Level
 Sandblast                Erth           0%         2d4       52%         1
 Slow                     Hex            0%         N/A       52%         1
 Sting                    Tmut/Pois      0%         1d3       52%         1
 Ensorcelled Hibernation  Hex/Ice        0%         N/A       67%         2
 Passwall                 Tmut/Erth      0%         N/A       67%         2
 Poisonous Vapours        Pois/Air       0%         N/A       67%         2
 Static Discharge         Conj/Air       0%         3-3/arc   67%         2
 Confusing Touch          Hex            0%         N/A       88%         3
 Stone Arrow              Conj/Erth      0%         3d7       88%         3
 Vampiric Draining        Necr           0%         2d6       88%         3
 Anguish                  Hex/Necr       0%         N/A       99%         4
 Dispel Undead            Necr           0%         3d6       99%         4
 Olgreb's Toxic Radiance  Pois           0%         N/A       99%         4
 Sticky Flame             Conj/Fire      0%         2d3       99%         4
 Fireball                 Conj/Fire      0%         3d3       100%        5
 Iskenderun's Battlesphe  Conj           0%         2d6       100%        5
 Conjure Ball Lightning   Conj/Air       0%         3x3d6     100%        6
 Iron Shot                Conj/Erth      0%         9d1       100%        6
 Enfeeble                 Hex            0%         N/A       100%        7
 Orb of Destruction       Conj           0%         9d5       100%        7
 Spider Form              Tmut/Pois      Unusable   N/A       N/A         3
 Animate Armour           Summ/Erth      Unusable   N/A       N/A         4
 Blade Hands              Tmut           Unusable   N/A       N/A         5

Dungeon Overview and Level Annotations

Branches:
Dungeon (11/15)            Temple (1/1) D:7            Lair (0/5) D:11
  Sewer (visited)          Bailey (visited)
    Orc: D:9-12

Altars:
Ashenzari
Cheibriados
Dithmenos
Fedhas
Gozag
Hepliaklqana
Kikubaaqudgha
Makhleb
Nemelex Xobeh
Okawaru
Qazlal
Ru
Sif Muna
Trog
Uskayaw
Vehumet
Wu Jian
Xom
Yredelemnul

Shops:
D:2 [   D:4 (   D:7 *

Portals:
Trove: D:11 (give +2 gold dragon scales)

Annotations:
D:10 exclusion: orange crystal statue
D:11 exclusion: oklob plant


Innate Abilities, Weirdness & Mutations

You are immune to poison.
You have sharp fingernails.
Your flesh is cold resistant. (rC+)
You are immune to negative energy. (rN+++)
You do not regenerate when monsters are visible.
You are immune to unholy pain and torment.
You thrive by killing the living.


Message History

The plant is lightly damaged.
Throw: 2 javelins
Press: ? - help, Shift-Dir - straight line, f/p - oklob plant
Aim: an oklob plant (severely damaged, confused, blind, 98% to hit)
You throw a javelin.
The javelin pierces through the oklob plant but does no damage.
The oklob plant is severely damaged.
The javelin pierces through the plant!
The plant is lightly damaged.
The javelin pierces through the plant but does no damage.
The plant is lightly damaged.
The javelin completely misses the plant.
Throw: javelin
Press: ? - help, Q - select action, (/) - cycle Shift-Dir - straight line, f/p - oklob plant
Aim: an oklob plant (severely damaged, confused, blind, 98% to hit)
You throw a javelin.
The javelin pierces through the oklob plant!
The oklob plant is almost destroyed.
The javelin pierces through the plant!!
The plant is moderately damaged.
The javelin pierces through the plant.
The plant is lightly damaged.
The javelin pierces through the plant!!
The plant is moderately damaged.
You hit the oklob plant but do no damage.
The oklob plant is almost destroyed.
The oklob plant seems less confused.
The oklob plant spits acid at you. The splash of acid hits you.
The acid corrodes you!
You hit the oklob plant but do no damage.
The oklob plant is almost destroyed.
A nearby plant withers and dies. x3
The oklob plant spits acid at you. The splash of acid hits you!!
* * * LOW HITPOINT WARNING * * *
You hit the oklob plant but do no damage.
The oklob plant is almost destroyed.
The oklob plant spits acid at you. The splash of acid hits you!!
You die...

..............#...#.#...........#
.........^..........#...........#
........)...###.....#...........#
####...#.#...≈)..#..#...........#
)..#...##..#...#..#.#...#######.#
...#...##.##P..##.#.#...#.....#[#
...#....#..PPPP...#.#...#.....#.#
...#....#≈..P>P..≈#.#...#.....#.#
...#....#(.....P@.#.#...#.....#..
...#....#.##..P##.#.#...####'##..
...#....#..#...#..#.#............
.<.#.....#...≈...#..#............
...#....†.÷.###....##............
...#...)).)......................
...#...####.................>..>.
...#...#..#......................
...#...#..#...................###


You could see an oklob plant (blind).

Vanquished Creatures
  2 two-headed ogres (D:11)
  4 lindwurms (D:11)
  2 manticores (D:11)
  A cyclops (D:11)
  An ugly thing (D:11)
  Maurice (D:11)
  A gargoyle (D:11)
  A komodo dragon (D:10)
  Maggie (D:6)
  A kobold demonologist (D:9)
  A troll (D:10)
  Sigmund (D:5)
  2 vampires
  2 wyverns (D:8)
  11 yaks
  2 steam dragons
  An acid dragon (D:8)
  3 water moccasins
  12 orc warriors
  6 sky beasts
  2 ice beasts
  2 black bears
  An ogre (D:7)
  4 centaurs (D:10)
  3 kobold brigands
  6 bullfrogs
  A necrophage (D:8)
  8 scorpions
  Dowan (D:6)
  14 wights
  10 killer bees
  3 howler monkeys (D:11)
  A bullfrog zombie (D:6)
  A centaur zombie (D:6)
  7 hounds
  A jelly (D:5)
  2 gnoll boudas (D:7)
  2 orc priests
  A bullfrog skeleton (D:6)
  A centaur skeleton (D:6)
  3 iguanas
  Ijyb (D:5)
  7 orc wizards
  A howler monkey skeleton (D:6)
  12 adders
  10 gnolls
  4 river rats
  2 shadow imps
  A white imp (D:5)
  2 worms
  2 dart slugs
  41 orcs
  19 ball pythons
  5 bats
  3 endoplasms
  6 giant cockroaches
  7 goblins
  8 hobgoblins
  32 kobolds
  7 quokkas
  8 frilled lizards
  35 rats
343 creatures vanquished.

Vanquished Creatures (collateral kills)
  Duvessa (D:6)
  A bullfrog zombie (D:6)
2 creatures vanquished.

Vanquished Creatures (others)
  A wizard (D:10)
  3 plants (D:11)
4 creatures vanquished.

Grand Total: 349 creatures vanquished

Notes
Turn   | Place    | Note
-------+----------+-------------------------------------------
     0 | D:1      | Gabide the Ghoul Gladiator began the quest for the Orb.
     0 | D:1      | Reached XP level 1. HP: 17/17 MP: 0/0
    97 | D:1      | Reached skill level 2 in Throwing
   128 | D:1      | Reached XP level 2. HP: 25/25 MP: 1/1
   654 | D:1      | Reached XP level 3. HP: 30/30 MP: 2/2
   967 | D:2      | Found Ecluf's Antique Armour Boutique.
  1065 | D:2      | Found a sacrificial altar of Ru.
  1450 | D:3      | Reached XP level 4. HP: 35/37 MP: 3/3
  1509 | D:3      | Found a glowing drain.
  1514 | Sewer    | Entered a sewer
  1572 | Sewer    | Reached skill level 3 in Throwing
  1760 | Sewer    | Reached XP level 5. HP: 45/45 MP: 2/4
  2037 | Sewer    | Reached XP level 6. HP: 15/52 MP: 1/5
  2076 | Sewer    | Reached skill level 4 in Throwing
  2513 | D:3      | Found a faded altar of an unknown god.
  3413 | D:4      | Reached XP level 7. HP: 58/59 MP: 3/6
  3501 | D:4      | Found Aroyvuteapp's Antique Weapon Shop.
  3722 | D:4      | Reached skill level 5 in Unarmed Combat
  3792 | D:4      | Found an ancient bone altar of Kikubaaqudgha.
  3824 | D:4      | Found a basalt altar of Yredelemnul.
  3835 | D:4      | Found a broken altar of Ashenzari.
  3959 | D:4      | Reached skill level 5 in Throwing
  4024 | D:4      | Found an opulent altar of Gozag.
  4190 | D:4      | Reached XP level 8. HP: 47/67 MP: 4/7
  4762 | D:5      | Entered Level 5 of the Dungeon
  4770 | D:5      | Reached skill level 5 in Fighting
  5002 | D:5      | Noticed Sigmund
  5013 | D:5      | Killed Sigmund
  5014 | D:5      | Reached skill level 6 in Throwing
  5024 | D:5      | Reached skill level 5 in Dodging
  5156 | D:5      | Found a sacrificial altar of Ru.
  5185 | D:5      | Found a shadowy altar of Dithmenos.
  5189 | D:5      | Noticed Ijyb
  5196 | D:5      | Killed Ijyb
  5359 | D:5      | Found a burning altar of Makhleb.
  5614 | D:6      | Reached XP level 9. HP: 75/75 MP: 8/8
  5619 | D:6      | Noticed Maggie
  5633 | D:6      | Killed Maggie
  5634 | D:6      | Reached skill level 7 in Throwing
  6605 | D:6      | Noticed Duvessa
  6605 | D:6      | Noticed Dowan
  6617 | D:6      | Killed Duvessa
  6643 | D:6      | Killed Dowan
  6644 | D:6      | Reached skill level 8 in Throwing
  6919 | D:7      | Found a staircase to the Ecumenical Temple.
  6923 | D:7      | Found Foiroa's Fabulous Fripperies.
  6934 | Temple   | Entered the Ecumenical Temple
  7010 | Temple   | Became a worshipper of Warmaster Okawaru
  7180 | D:7      | Found a hide-covered altar of Uskayaw.
  7202 | D:7      | Found a flagged portal.
  7210 | D:7      | Reached XP level 10. HP: 86/86 MP: 9/9
  7226 | Bailey   | Entered a bailey
  7405 | Bailey   | Reached * piety under Okawaru
  8595 | D:8      | Reached ** piety under Okawaru
  8596 | D:8      | Reached skill level 9 in Throwing
  8680 | D:8      | Found a snail-covered altar of Cheibriados.
  8826 | D:8      | Found an ornate altar of the Wu Jian Council.
  8829 | D:8      | Found an ornate altar of the Wu Jian Council.
  8829 | D:8      | Found a snail-covered altar of Cheibriados.
  8831 | D:8      | Found a shimmering altar of Xom.
  8831 | D:8      | Found a bloodstained altar of Trog.
  8831 | D:8      | Found a burning altar of Makhleb.
  9545 | D:9      | Reached *** piety under Okawaru
  9614 | D:9      | Reached XP level 11. HP: 95/95 MP: 10/10
  9641 | D:9      | Found a sparkling altar of Nemelex Xobeh.
  9947 | D:9      | Reached skill level 10 in Throwing
 10275 | D:10     | Entered Level 10 of the Dungeon
 10296 | D:10     | Found an ornate altar of the Wu Jian Council.
 10515 | D:10     | Noticed an orange crystal statue
 10679 | D:10     | Reached **** piety under Okawaru
 10931 | D:10     | Noticed a two-headed ogre
 10931 | D:10     | Noticed a two-headed ogre
 10933 | D:10     | Noticed a two-headed ogre
 11097 | D:10     | Found a bloodstained altar of Trog.
 11100 | D:10     | Noticed a wizard
 11105 | D:10     | Killed a wizard
 11521 | D:11     | Noticed a red ugly thing
 11522 | D:11     | Noticed Maurice
 11537 | D:11     | Killed a red ugly thing
 11682 | D:11     | Killed Maurice
 11737 | D:11     | Noticed a cyclops
 11753 | D:11     | Killed a cyclops
 11826 | D:11     | Noticed a manticore
 11836 | D:11     | Killed a manticore
 11836 | D:11     | Reached ***** piety under Okawaru
 11977 | D:11     | Noticed a lindwurm
 11978 | D:11     | Noticed a lindwurm
 11979 | D:11     | Noticed a lindwurm
 11983 | D:11     | Killed a lindwurm
 11983 | D:11     | Killed a lindwurm
 11984 | D:11     | Reached skill level 11 in Throwing
 11985 | D:11     | Noticed a lindwurm
 12008 | D:11     | Killed a lindwurm
 12008 | D:11     | Received a gift from Okawaru
 12020 | D:11     | Killed a lindwurm
 12035 | D:11     | Identified the +10 whip of the Messenger {freeze, Fragile
                  | Str+7}
 12076 | D:11     | Noticed a two-headed ogre
 12081 | D:11     | Killed a two-headed ogre
 12081 | D:11     | Received a gift from Okawaru
 12082 | D:11     | Reached XP level 12. HP: 105/105 MP: 11/11
 12122 | D:11     | Reached skill level 10 in Unarmed Combat
 12179 | D:11     | Noticed a two-headed ogre
 12183 | D:11     | Killed a two-headed ogre
 12290 | D:11     | Received a gift from Okawaru
 12416 | D:11     | Found a staircase to the Lair.
 12531 | D:11     | Found a portal to a secret trove of treasure.
 12710 | D:11     | Killed from afar by an oklob plant

Illustrated notes

Levels and vault maps discovered:
D:1:      eino_arrival_druids_welcome, layout_loops_ring, patterned_corridor
D:2:      layout_basic, serial_shops, shop, basic_altar
D:3:      layout_basic, basic_ecumenical_altar, gup_sewer_entry_spiral
D:4:      layout_loops_corners, grunt_gozag_statues, general_overflow_altar,
          amethyst_overflow_temple_binary, serial_shops,
          nicolae_shop_behind_doors
D:5:      layout_loops_cross, lemuel_doored_altar, mainiacjoe_overflow_catwalk,
          mainiacjoe_overflow_surrounded_room, uniq_sigmund, uniq_ijyb
D:6:      dreamdust_elfheim, layout_cave_pools, serial_undead, serial_undead_a,
          serial_undead_e, serial_undead_f, serial_undead_e, minivault_25,
          nicolae_elevator_lobby_asterisk, uniq_maggie
D:7:      layout_loops_ring, nicolae_uskayaw_dance_hall,
          nicolae_overflow_hidden_temple, minmay_temple_entry_statues,
          enter_bailey_6, nicolae_alphabet_shops, chequers_garden
D:8:      layout_basic, doesnt_xom_only_xom, kennysheep_slug_shrine,
          minmay_joined_circles
D:9:      layout_basic, nemelex_diamond_rough_becter
D:10:     layout_roguey, trog_wizard, pdpol_wu_jian_five_deadly_venoms,
          minmay_protected_statue
D:11:     layout_irregular_city, dpeg_oklobed_lair, enter_trove_0,
          minmay_lindwurm_lava, uniq_maurice
Temple:   nicolae_temple_bog_church

Skill      XL: |  1  2  3  4  5  6  7  8  9 10 11 12 |
---------------+-------------------------------------+-----
Throwing       | 2 3 4 5 6 8 9 11 | 11.6
Dodging        | 3 4 5 6 7 8 |  8.6
Fighting       | 3 4 5 7 8 9 |  9.9
Unarmed Combat | 4 5 6 7 8 9 10 | 10.2

Action                   |  1- 3 |  4- 6 |  7- 9 | 10-12 || total
-------------------------+-------+-------+-------+-------++-------
Melee: Unarmed           |    89 |   295 |   350 |   350 ||  1084
       Punch             |     3 |     5 |    19 |    23 ||    50
       Whip              |       |       |       |    33 ||    33
Throw: Stone             |       |     7 |       |       ||     7
       Javelin           |       |     1 |    10 |    44 ||    55
       Throwing net      |       |       |     4 |       ||     4
       Boomerang         |       |       |       |   220 ||   220
       Dart              |       |       |       |     1 ||     1
Invok: Heroism           |       |       |       |     1 ||     1
Evoke: Wand              |       |       |    12 |     5 ||    17
  Use: Scroll            |     8 |     3 |    11 |     8 ||    30
       Potion            |       |       |     1 |     2 ||     3
 Stab: Sleeping          |     3 |     2 |     1 |     1 ||     7
Armor: Leather armour    |    12 |   103 |    37 |       ||   152
       Ring mail         |       |       |    15 |       ||    15
       Steam dragon scal |       |       |    51 |   108 ||   159
Dodge: Dodged            |    51 |   429 |   338 |   344 ||  1162
